[Event "EICC 2025"]
[Site "Eforie-Nord"]
[Date "2025.03.15"]
[Round "1.5"]
[White "Iturrizaga Bonelli, Eduardo"]
[Black "Hryzlova, Sofiia"]
[Result "1-0"]
[Annotator "TA"]
[ECO "A21"]
[WhiteElo "2582"]
[BlackElo "2258"]
[PlyCount "99"]
[EventDate "2025.03.14"]
[EventType "swiss"]
[EventCountry "ROU"]
[SourceTitle "playchess.com"]
[Source "ChessBase"]
[SourceQuality "1"]
[TimeControl "40/5400+30:1800+30"]

1. c4 e5 2. d3 d6 3. Nc3 f5 4. g3 Nf6 5. Bg2 Be7 6. e3 O-O 7. Nge2 a5 {[%emt 0:03:35] A21: English Opening: 1...e5 2 Nc3.} 8. O-O c6 9. h3 $5 {[%emt 0:06:52][%mdl 4] Leaves trodden paths.} Be6 {[%emt 0:06:02] The position is equal.} 10. f4 Na6 11. b3 Rb8 $146 (11... Kh8 12. Kh2 Qd7 13. Bb2 Rac8 14. Qd2 b5 15. Rad1 b4 16. Na4 Qc7 17. e4 Nd7 {1-0 Gurevich,M (2667)-Serper,G (2574) Cap d'Agde KO rapid 2000 (2.4)}) 12. Kh2 Qe8 13. Bb2 Qh5 14. Qd2 Nc5 15. Rad1 e4 16. dxe4 fxe4 17. Ba3 b5 18. Nd4 b4 19. Nxc6 Qe8 20. Nxb8 bxa3 {[%emt 0:01:24] [#]} (20... Qxb8 $11 {remains equal.} 21. g4 bxa3) 21. Nb5 $1 Qxb8 $11 22. Qxa5 d5 $36 {[%emt 0:03:15][%mdl 2048] Black is pushing.} 23. Nd4 dxc4 24. b4 Nb7 25. Qe5 {[%emt 0:00:04] [#]} (25. Qb5 $1 $11 Bd7 26. Qxc4+ Kh8 27. Qb3) 25... Bd7 $1 $17 (25... Qxe5 26. fxe5 Nd5 27. Rxf8+ (27. Nxe6 Rxf1 28. Rxf1 Nc3 $18) 27... Bxf8 28. Nxe6 $18) 26. b5 $2 (26. Qxe7 $2 Re8 $19) (26. Nc2 $17 Re8 27. Nxa3) 26... Bd6 $19 {[%emt 0:01:37] This pair of bishops is nice.} 27. Qg5 Qc8 (27... h6 $142 28. Qg6 Be8) 28. Qh4 (28. Bxe4 Nxe4 29. Qd5+ Kh8 30. Qxe4 Bxh3 31. Rh1) 28... Be7 29. Kh1 Qe8 30. Nc6 (30. Qg5) 30... Bxc6 31. bxc6 Qxc6 32. g4 Nc5 33. g5 (33. Rd4 {was necessary.}) 33... Nd5 34. Qg3 Nc3 35. Rd2 Nd3 36. Rc2 Nb5 37. f5 Qd5 38. f6 {[%emt 0:00:12] And now Qg4 would win.} Bc5 (38... Bd8 $19 {Hoping for ...Bc7.} 39. h4 Nd6) 39. Qg4 $2 (39. g6 $17 gxf6 40. Qh4 hxg6 (40... Bxe3 41. Qxh7#) 41. Bxe4) 39... Nd6 (39... Bxe3 $2 40. Bxe4 Qe5 (40... Qxg5 $2 {too greedy.} 41. Qe6+ Kh8 42. Qe7 $18) 41. Re2 $18) 40. g6 (40. h4 $142) 40... Rxf6 ({Stronger than} 40... Bxe3 41. gxh7+ Kf7 42. Qxg7+ Ke8 43. Qe7#) 41. gxh7+ Kxh7 42. Rxf6 gxf6 43. Qd7+ Kh6 44. Qd8 Bxe3 45. Qxf6+ Kh5 46. Bf1 Nf4 {[%emt 0:05:19][%mdl 8192] [#]} (46... Bg5 $19 47. Qh8+ Kg6) 47. Rg2 $1 {[%emt 0:00:32][%cal Rf6h8][%mdl 512] White mates.} Bd4 (47... Qg8 48. Rxg8) 48. Be2+ Nxe2 49. Qg6+ Kh4 50. Qg4# {[%emt 0:00:04] Never resign too early!   Weighted Error Value: White=0.53/Black=0.45  Loses game:     	White=2     	---        Mistake:       	White=6     	Black=3      Inaccurate:     	White=1     	Black=4      OK:         	White=14    	Black=13     Best:        	White=1     	Black=4      Strong:       	---       	Black=1} 1-0

[Event "EICC 2025"]
[Site "Eforie-Nord"]
[Date "2025.03.15"]
[Round "1.5"]
[White "Cnejev, Vladimir-Alexandru"]
[Black "Dardha, Daniel"]
[Result "0-1"]
[Annotator "TA"]
[ECO "C70"]
[WhiteElo "2343"]
[BlackElo "2665"]
[PlyCount "80"]
[EventDate "2025.03.14"]
[EventType "swiss"]
[EventCountry "ROU"]
[SourceTitle "playchess.com"]
[Source "ChessBase"]
[SourceQuality "1"]
[TimeControl "40/5400+30:1800+30"]

1. e4 e5 2. Nf3 Nc6 3. Bb5 a6 4. Ba4 Nge7 5. Nc3 d6 6. d4 {[%emt 0:16:40] C70: Ruy Lopez: 3...a6 4 Ba4, Norwegian and Delayed Schliemann.} b5 7. Bb3 {[%emt 0:00:09] Black must now prevent Ng5.} Nxd4 8. Nxd4 {[%emt 0:00:09] The position is equal.} exd4 9. Qh5 Ng6 (9... dxc3 $6 10. Qxf7+ Kd7 11. Be6+ (11. bxc3 $2 Qe8 $17) 11... Kc6 12. Bd5+ (12. bxc3 $2 Bxe6 13. Qxe6 Qd7 $19) 12... Kb6 13. Bxa8 $16) 10. Nd5 {[%emt 0:14:59] White sacrificed a pawn} (10. Qd5 $11 Be6 11. Qc6+ Bd7 12. Qd5) 10... Be7 11. a4 c6 12. Nf4 $146 (12. Nxe7 Qxe7 13. O-O Rb8 14. f4 h6 15. axb5 Rxb5 16. Qd1 O-O 17. f5 Ne5 18. Qxd4 {½-½ Garifullina,L (2375)-Ovod,E (2323) RUS-ch (Women) 72nd 2022 (6)}) 12... bxa4 13. Rxa4 Ne5 14. Rxd4 ({White should play} 14. h3 $15) 14... O-O $2 (14... Qa5+ $1 $17 15. Bd2 Qc5) 15. Qe2 (15. Qd1 $11 {keeps the balance.}) 15... a5 $1 $17 16. O-O Ba6 17. c4 Qb6 18. Qd1 Rfe8 19. Ba2 Bf8 {[%emt 0:02:43] Black is more active.} ({Black should try} 19... a4 $17) 20. b3 $1 $15 Rab8 21. Be3 {[%emt 0:00:26] [#]} (21. Re1 $11) 21... Qb7 (21... a4 $1 $17 22. bxa4 c5) 22. h3 (22. Qc2 $15 {should be considered.}) 22... Nd7 23. Qc2 {[%emt 0:00:33][%csl Ob3] Black attacks a weakness} Nc5 24. Rb1 g6 25. f3 {[%emt 0:00:32] [#]} (25. Ne2 $11) 25... f5 $1 $17 {[%emt 0:01:31] White is now going downhill.} 26. Rdd1 (26. Rbd1 $142) 26... fxe4 27. fxe4 Qe7 28. Bxc5 dxc5 29. Re1 Bg7 30. Re2 $2 {[%emt 0:01:08] White is weak on the dark squares} (30. g3 $17) 30... Rf8 $19 31. Nd3 Bd4+ 32. Kh1 $2 (32. Kh2 {was necessary.}) 32... Rf7 33. e5 Rbf8 34. Ree1 {[%emt 0:00:33] Against Rf1+} Bc8 {[%emt 0:02:30] and ...Qh4 should not be overlooked A strong pair of Bishops.} 35. Qe2 Qh4 (35... Bxh3 $142 {[%cal Oe7h4] ( -> ...Qh4!)} 36. gxh3 Rf3) 36. e6 Re7 37. Rf1 (37. Qg4 $142 Qxg4 38. hxg4) 37... Rxf1+ (37... Bxe6 38. Rxf8+ Kxf8 39. Rf1+ Ke8 40. Qf3 $19) 38. Rxf1 Rxe6 ({Not} 38... Bxe6 39. Qe1 Qxe1 40. Rxe1 $19) 39. Qd2 (39. Qg4 Qxg4 40. hxg4) 39... Re3 {[%emt 0:00:46][%cal Oe3h3] ( -> ...Rxh3+!)} 40. Nf4 {[%emt 0:00:47] [#]} Bxh3 $1 {[%emt 0:01:12] Weighted Error Value: White=0.75/Black=0.29 (precise)   Mistake:       	White=11    	Black=4      Inaccurate:     	White=3     	Black=3      OK:         	White=9     	Black=9      Best:        	White=2     	Black=8      Strong:       	White=1     	Black=2} 0-1

[Event "EICC 2025"]
[Site "Eforie-Nord"]
[Date "2025.03.15"]
[Round "1.6"]
[White "Anton Guijarro, David"]
[Black "Secheres, Adrian-Simion"]
[Result "1-0"]
[Annotator "TA"]
[ECO "E71"]
[WhiteElo "2663"]
[BlackElo "2340"]
[PlyCount "97"]
[EventDate "2025.03.14"]
[EventType "swiss"]
[EventCountry "ROU"]
[SourceTitle "playchess.com"]
[Source "ChessBase"]
[SourceQuality "1"]
[TimeControl "40/5400+30:1800+30"]

1. d4 Nf6 2. c4 g6 3. Nc3 Bg7 4. e4 d6 5. h3 O-O 6. Be3 e5 {[%emt 0:03:05] 6...Nc6 is more advanced technology.} 7. d5 Na6 8. g4 {[%emt 0:00:50][%cal Bg2g4,Bg4g5][%mdl 32] E71: King's Indian: 4 e4 d6 5 h3.} Nc5 9. f3 a5 10. Qd2 {[%emt 0:00:44] White is slightly better.} c6 11. Nge2 h5 12. g5 $146 ({Predecessor:} 12. O-O-O a4 13. dxc6 Ne6 14. Qxd6 Qa5 15. cxb7 Bxb7 16. Qb6 Qxb6 17. Bxb6 Rfc8 18. Nd5 Bxd5 19. exd5 {0-1 Csonka,B (2495)-Firouzja,A (2785) Titled Tuesday intern op 25th Oct Early blitz 2022 (8)}) 12... Nh7 (12... Nfd7 $14) 13. O-O-O $16 Ra6 14. h4 cxd5 (14... f6 $16) 15. Nxd5 $18 {[%emt 0:06:00][%csl Od5] Strong Square White (d5)} Be6 16. Nec3 Qd7 17. Bxc5 dxc5 18. Qe3 Kh8 19. Qxc5 Rc8 (19... Qc8 {might work better.} 20. Qxc8 Rxc8) 20. Qb5 Nf8 21. c5 Rac6 22. Nb6 {[%emt 0:00:00] Excellent horsemanship.} (22. Qxa5 Rxc5 23. Qa3 Bxd5 $11) 22... Qc7 23. Nxc8 (23. Qxa5 Nd7 $11) 23... Rxc5 24. Qd3 Qxc8 25. Kb1 Bd7 26. Nd5 Be6 {[%emt 0:01:56][%cal Oc5d5] [#] White must now prevent ...Rxd5!.} 27. Qb3 Nd7 28. a4 (28. Bh3 $142 {Threatens to win with Bxe6.} Bxh3 29. Ne7 (29. Rxh3 a4 $18)) 28... Nb8 29. Qe3 Bf8 30. Rc1 Rxc1+ 31. Qxc1 Nc6 32. Bb5 Bxd5 33. exd5 Qf5+ 34. Qc2 Qxc2+ 35. Kxc2 $16 {[%emt 0:00:00][%mdl 4096] Endgame KRB-KBN} Nd4+ 36. Kd3 Nxf3 (36... Bc5 $142 37. Rf1 Bd6) 37. Ke4 $18 Nd4 38. Rf1 (38. Kxe5 Nf5 39. Bd3 Bg7+ 40. Kf4 Nd6 $18) 38... Kg7 (38... Nf5 $142 39. Rxf5 (39. Kxe5 Bg7+ 40. Kf4 Bxb2 $18) 39... gxf5+ 40. Kxe5 Bg7+ 41. Kxf5 Kg8) 39. Kxe5 Nf5 40. Rxf5 $1 gxf5 {[%emt 0:00:06][%cal Bg6f5,Bf5f4][%mdl 32] KB-KB} 41. d6 (41. Kxf5 Bd6 42. Be2 Bg3 43. Bxh5 Bxh4 $18) 41... f4 42. Be2 (42. Kxf4 Bxd6+ 43. Kf3 Bb4 $14) 42... Kg6 43. Bd3+ (43. Kxf4 Bxd6+ 44. Kf3 Be5 $11) 43... Kg7 44. Be4 (44. Kxf4 Bxd6+ 45. Kf3 Bb4 $11) 44... b6 45. b3 (45. Kxf4 Bxd6+ 46. Kf5 Bg3 $11) 45... Kg8 46. d7 ({Worse is} 46. Kxf4 Bxd6+ 47. Kf5 Kg7 $11) 46... Be7 47. Bf3 Kg7 48. Bxh5 (48. Kf5 $142) 48... f6+ 49. Kxf4 {[%emt 0:00:00] White took control after the opening.   Weighted Error Value: White=0.28 (precise) /Black=0.24 (precise)   Mistake:       	White=2     	Black=5      Inaccurate:     	White=1     	Black=2      OK:         	White=17    	Black=16     Best:        	White=4     	Black=3      Strong:       	White=1     	---} ({Weaker is} 49. Ke6 Bd8 50. gxf6+ Bxf6 $18) 1-0

[Event "EICC 2025"]
[Site "Eforie-Nord"]
[Date "2025.03.15"]
[Round "1.6"]
[White "Smietanska, Wiktoria"]
[Black "Kourkoulos-Arditis, Stamatis"]
[Result "0-1"]
[Annotator "TA"]
[ECO "D37"]
[WhiteElo "2254"]
[BlackElo "2580"]
[PlyCount "154"]
[EventDate "2025.03.14"]
[EventType "swiss"]
[EventCountry "ROU"]
[SourceTitle "playchess.com"]
[Source "ChessBase"]
[SourceQuality "1"]
[TimeControl "40/5400+30:1800+30"]

1. c4 e6 2. Nc3 d5 3. d4 a6 4. cxd5 exd5 5. Nf3 Nf6 6. Bg5 {[%emt 0:01:17] D37: Queen's Gambit Declined: 5 Bf4.} Be6 7. e3 Nbd7 8. Bd3 {[%emt 0:01:40] White is slightly better.} c6 9. O-O Bd6 {[%emt 0:00:13] Prevents Ne5} 10. Qc2 Qc7 11. e4 (11. Bh4 $11) 11... dxe4 12. Nxe4 Nxe4 13. Bxe4 h6 14. Bd2 O-O 15. h3 Nf6 16. Bd3 Bd5 17. Nh4 Rfe8 18. Nf5 Bh2+ $146 (18... Re6 19. Qc1 Be4 20. Bxe4 Nxe4 21. Nxd6 Qxd6 22. Rd1 Qxd4 23. Be3 Qf6 24. Rd7 Re7 {0-1 Fernandez,M (2229)-Quintiliano Pinto,R (2455) Caioba Telecom op 5th 2019 (3)}) 19. Kh1 Bf4 20. Rfe1 g6 21. Ne7+ Kf8 22. Nxd5 Nxd5 23. Be4 (23. g3 $11 Bxd2 24. Qxd2) 23... Bxd2 $17 24. Qxd2 Qf4 25. Qc2 Nf6 26. Qc5+ Kg7 27. Bf3 Qd2 28. Rf1 Rad8 29. Qb6 Rd7 $1 (29... Qxd4 30. Qxb7 Rb8 31. Qxc6 $11) 30. Rad1 Qf4 $36 {[%emt 0:00:06][%mdl 2048] Black has some pressure.} 31. Kg1 h5 32. Rd3 g5 (32... Nh7 $17) 33. Rfd1 $2 (33. Qc5 $15 g4 34. Bd1 (34. g3 Qh6 $15)) 33... g4 $1 $19 34. g3 Qf5 35. hxg4 hxg4 36. Bg2 Re2 37. d5 cxd5 {[%emt 0:00:29][%cal Od5d4] Black is more active.} 38. Qd4 Rc7 39. Bf1 $2 (39. R3d2 $17 Re5 40. Qb4) 39... Re4 40. Qb6 Rc2 41. R3d2 {[%emt 0:30:50] [#]} Re1 $2 42. Rxe1 $17 Rxd2 43. Bg2 d4 44. Rf1 Qb5 45. Qxb5 axb5 46. Bxb7 Rxb2 {[%emt 0:03:59][%cal Od4d3][%mdl 4096] Endgame KRB-KRN. Black is a pawn up.} 47. Rd1 Rxa2 48. Rxd4 Ra4 {[%emt 0:00:03] Prevents Rb4} 49. Rd1 Rb4 {[%emt 0:01:15] Prevents Rb1} 50. Bc8 Kg6 (50... Ne4 $17) 51. Re1 (51. Rd6 $11) 51... Rd4 52. Re5 b4 (52... Rd5 $17 53. Re7 b4) 53. Rb5 (53. Bb7 $11) 53... Ne8 54. Rb6+ f6 55. Kg2 Nd6 56. Be6 f5 57. Kf1 Kg7 (57... Kg5 $17) 58. Rb8 (58. Bb3 $15) 58... Kf6 59. Bg8 Ne4 60. Rb6+ $2 (60. Ke1 $17 {was the only chance.}) 60... Kg7 $1 $19 61. Be6 Nd6 $2 ({Black should try} 61... Rd6 $1 $19 62. Rb7+ Kf6 63. Bxf5 Kxf5 64. Rb5+ Nc5 65. Rxc5+ Ke4) 62. Rb8 $15 Kf6 63. Bg8 $1 Ne4 64. Rb6+ Ke7 65. Rb5 Nd6 66. Rb8 Kd7 67. Ke2 Kc6 68. Ke3 (68. Bb3 $15) 68... Kc5 $17 69. f3 $2 {[%emt 0:00:31] [#] Prevents Re4+.} (69. Bb3 $17) 69... f4+ $1 $19 70. gxf4 {[%emt 0:00:31] [#]} Nf5+ (70... g3 $1 $19 71. Ra8 Nf5+ 72. Ke2 g2 (72... Rxf4 73. Rc8+ Kb6 74. Bh7 $17)) 71. Ke2 $17 g3 {[%emt 0:00:10][%cal Od4d1] and ...Rd1! should not be overlooked} (71... Rxf4 72. fxg4 Ne7 73. Bb3 $11) 72. Be6 $2 (72. Rc8+ $17 {keeps fighting.} Kb6 73. Rb8+ Ka7 74. Rc8) 72... Ne7 ({Less strong is} 72... Rxf4 73. Rc8+ Kd4 74. Rd8+ Ke5 75. Bxf5 Rxf5 (75... Kxf5 76. Rg8 $11) 76. Ke3 $15) 73. Rb7 $2 (73. Ra8) 73... g2 $19 74. Kf2 Rd2+ 75. Kg1 {[%emt 0:00:10] [#]} Ng6 $1 {[%emt 0:00:26][%cal Og6h4] ( -> ...Nh4!)} 76. Rg7 Nxf4 77. Bg4 Rd1+ {[%emt 0:00:05] Weighted Error Value: White=0.32/Black=0.15 (very precise)   Loses game:     	White=5     	---        Missed win:     	---       	Black=2      Mistake:       	White=7     	Black=5      Inaccurate:     	White=3     	Black=4      OK:         	White=27    	Black=26     Best:        	White=6     	Black=7      Strong:       	White=1     	Black=3      Brilliant:      	---       	Black=1} 0-1

[Event "EICC 2025"]
[Site "Eforie-Nord"]
[Date "2025.03.15"]
[Round "1.7"]
[White "Jobava, Baadur"]
[Black "Iliaguev, Daniel"]
[Result "1-0"]
[Annotator "TA"]
[ECO "A50"]
[WhiteElo "2578"]
[BlackElo "2247"]
[PlyCount "81"]
[EventDate "2025.03.14"]
[EventType "swiss"]
[EventCountry "ROU"]
[SourceTitle "playchess.com"]
[Source "ChessBase"]
[SourceQuality "1"]
[TimeControl "40/5400+30:1800+30"]

1. d4 Nf6 2. c4 b6 3. Nc3 Bb7 4. Nf3 g6 5. d5 Bg7 6. e4 {[%emt 0:00:09] A50: Queen's Fianchetto Defence (1 d4 Nf6 2 c4 b6).} d6 7. Bd3 O-O 8. O-O {[%emt 0:01:26] White is slightly better.} e5 9. Bg5 h6 10. Be3 $146 {[%emt 0:04:50] White is more active.} (10. Bd2 Nbd7 11. b4 a5 12. a3 Nh5 13. g3 Bc8 14. Rb1 Nb8 15. Ne1 Bh3 16. Ng2 {1-0 Kazhgaleyev,M (2574)-Suleymenov,A (2157) KAZ-ch Pavlodar 2015 (1)}) 10... Nh5 11. Re1 Nf4 12. Bf1 (12. Bc2 $5) 12... Bc8 13. b4 a5 14. bxa5 Rxa5 15. Nd2 Ra8 16. a4 Nd7 17. Nb3 Nf6 18. f3 {[%emt 0:03:44] Inhibits Ng4. White leaves nothing to chance now.} Bd7 19. Qd2 Kh7 20. a5 $1 bxa5 21. Nxa5 g5 22. c5 dxc5 {[%emt 0:01:14][%csl Oc5,Oc7] Black has weak pawns} 23. Nb7 Qc8 24. Rxa8 Qxa8 25. Nxc5 Rb8 26. Nxd7 Nxd7 27. Nb5 Bf8 (27... c6 $142) 28. Qc3 $18 {[%emt 0:01:44][%cal Oe1a1] [#] aiming for Ra1!.} (28. Nxc7 $6 Qa3 $16) 28... Rb7 29. Ra1 (29. Nxc7 Qa2 $16) 29... Qb8 30. Qc6 Nb6 31. Rc1 Nc8 32. Qe8 (32. Nxc7 Nd6 33. Na6 Qd8 $18) 32... Kg8 33. d6 (33. Qxe5 Rxb5 34. Bxb5 (34. Bxf4 Qb6+ 35. Kh1 Rb1 $17) 34... Qxb5 35. Bxf4 (35. Qxc7 Ne2+ 36. Kf2 Nxc1 $19) (35. Rxc7 {gets mated.} Qe2) 35... Bd6 $17) 33... Nxd6 34. Nxd6 (34. Qxe5 $2 {too greedy.} Nxb5 35. Bxf4 Bd6 $19 (35... gxf4 $2 36. Qxf4 Rb6 37. Bxb5 $19)) 34... cxd6 (34... Qxe8 $142 35. Nxe8 Ne6) 35. Rc8 Qxc8 36. Qxc8 Rb3 37. Bxf4 gxf4 38. Qg4+ Bg7 39. Bc4 Rb6 40. Qc8+ Bf8 {[%emt 0:00:00] [#]} 41. Bxf7+ $1 {[%emt 0:02:16] Weighted Error Value: White=0.02 (flawless) /Black=0.54  Mistake:       	---       	Black=2      Inaccurate:     	---       	Black=4      OK:         	White=16    	Black=8      Best:        	White=3     	Black=1} 1-0

[Event "EICC 2025"]
[Site "Eforie-Nord"]
[Date "2025.03.15"]
[Round "1.7"]
[White "Domingo Nunez, Alejandro"]
[Black "Navara, David"]
[Result "0-1"]
[Annotator "TA"]
[ECO "A34"]
[WhiteElo "2337"]
[BlackElo "2663"]
[PlyCount "88"]
[EventDate "2025.03.14"]
[EventType "swiss"]
[EventCountry "ROU"]
[SourceTitle "playchess.com"]
[Source "ChessBase"]
[SourceQuality "1"]
[TimeControl "40/5400+30:1800+30"]

1. Nf3 c5 2. c4 Nc6 3. Nc3 e5 4. e3 Nf6 5. d4 e4 6. d5 {[%emt 0:00:10] A34: Symmetrical English: 2 Nc3, lines with ...d5.} exf3 7. dxc6 dxc6 {[%emt 0:01:17] With the idea ...Bg4.} 8. Qxd8+ {[%emt 0:00:19] The position is equal.} Kxd8 9. gxf3 g6 10. b3 Bg7 11. Bb2 Ke7 12. O-O-O Be6 13. Be2 Bh3 $146 (13... Rhd8 14. f4 Rxd1+ 15. Rxd1 b6 16. Bf3 Rc8 17. Rg1 Ne8 18. Ne4 Bxb2+ 19. Kxb2 Bf5 20. Ng3 Be6 21. Rd1 f5 {0-1 Predke,A (2673)-Karjakin,S (2757) Moscow Smyslov Region Group Cup blitz 2021 (7)}) 14. Bf1 Be6 15. Be2 b6 16. Rd2 Rhd8 17. Rxd8 Rxd8 18. Rd1 Rg8 19. Bf1 g5 20. Bd3 Nd7 21. Rg1 f5 22. Nd1 Ne5 23. Be2 Bf6 24. f4 (24. h4 $11 gxh4 25. Rh1) 24... gxf4 $1 $15 25. Rxg8 Bxg8 26. exf4 {[%emt 0:00:03] White is on the road to losing.} Ng6 27. Bxf6+ Kxf6 $17 {[%emt 0:00:07][%mdl 4096] Endgame KBN-KBN} 28. Bf3 Nxf4 29. Bxc6 Nd3+ $1 30. Kb1 Bf7 {[%emt 0:13:23] Black is more active.} 31. Bg2 (31. a3 $17) 31... Ke5 $19 32. Bf1 Kd4 33. Kc2 Ne1+ 34. Kb2 {[%emt 0:00:05] [#]} (34. Kc1 $142) 34... f4 $1 35. Be2 {[%emt 0:02:38] [#]} Nd3+ 36. Kc2 Nb4+ 37. Kb2 Bg6 38. Bg4 $2 (38. Kc1) 38... h5 39. Be2 Nd3+ 40. Ka3 (40. Kc2 {keeps fighting.} Nxf2+ 41. Kd2 Ne4+ 42. Ke1) 40... h4 {[%emt 0:00:45] Black is clearly winning.} 41. Bg4 Ne5 42. Be2 Bc2 {[%emt 0:00:39] White must now prevent ...f3.} 43. Nb2 f3 44. Bd1 Kc3 {[%emt 0:00:00] Weighted Error Value: White=0.43/Black=0.06 (flawless)   Mistake:       	White=5     	---        Inaccurate:     	White=1     	---        OK:         	White=12    	Black=15     Best:        	White=1     	Black=1      Strong:       	---       	Black=2} 0-1

[Event "EICC 2025"]
[Site "Eforie-Nord"]
[Date "2025.03.15"]
[Round "1.8"]
[White "Wojtaszek, Radoslaw"]
[Black "Noy, Eyal"]
[Result "1-0"]
[Annotator "TA"]
[ECO "E12"]
[WhiteElo "2659"]
[BlackElo "2337"]
[PlyCount "126"]
[EventDate "2025.03.14"]
[EventType "swiss"]
[EventCountry "ROU"]
[SourceTitle "playchess.com"]
[Source "ChessBase"]
[SourceQuality "1"]
[TimeControl "40/5400+30:1800+30"]

1. d4 Nf6 2. c4 e6 3. Nf3 b6 4. a3 Bb7 5. Bf4 Be7 6. Nc3 d5 {[%emt 0:00:26] E12: Queen's Indian: Unusual White 4th moves, 4 a3, 4 Nc3 Bb7 5 a3 and 4 Nc3 Bb7 .} 7. cxd5 $1 {[%emt 0:00:38][%mdl 4] is currently scoring better than 7.e3.} Nxd5 8. Nxd5 Bxd5 {[%emt 0:00:18] White has an edge.} 9. Qc2 Bxf3 (9... O-O $14) 10. exf3 $146 (10. gxf3 Bd6 11. Bd2 Qh4 12. Qe4 Qxe4 13. fxe4 e5 14. dxe5 Bxe5 15. O-O-O Nd7 16. f4 {½-½ Sakaev,K (2596)-Airapetian,G (2444) Lipetsk Winter Cup rapid 2020 (4)}) 10... Bd6 11. Be3 {[%emt 0:11:16] White is much more active.} Nd7 12. f4 O-O 13. f5 exf5 14. Qxf5 Nf6 15. Bc4 Qc8 16. Qxc8 (16. Qc2 {keeps more tension.} Ng4 17. O-O-O Nxe3 18. fxe3 c5 19. Kb1) 16... Raxc8 17. h3 c5 {[%emt 0:07:26] Threatens to win with ...cxd4.} 18. Ba6 {[%emt 0:03:32] A strong pair of Bishops.} Rc7 19. O-O cxd4 20. Bxd4 Re8 21. Rfd1 Re6 22. Rac1 Rxc1 23. Rxc1 Bf4 24. Rc8+ Re8 25. Kf1 Rxc8 26. Bxc8 $14 {[%emt 0:00:03][%mdl 4096] Endgame KBB-KBN} Kf8 27. Ke2 Ke7 28. g3 Bc7 29. Kd3 Ne8 30. Ba6 f6 31. Bb5 Bd6 (31... Nd6 $14 32. Ba4 Nf7) 32. Bxe8 $1 $16 Kxe8 {[%emt 0:00:05] KB-KB} 33. Kc4 $1 Kd7 34. Kb5 Kc7 35. Ka6 Kc6 36. a4 $1 (36. Kxa7 $6 b5 $14) 36... Bb4 37. Be3 (37. Kxa7 b5 $16) 37... g6 38. Kxa7 b5 39. axb5+ Kxb5 40. Kb7 Bd6 (40... Ba5 $16) 41. Kc8 $18 Be5 $2 (41... Kc6 {was worth a try.} 42. Kd8 Kb5) 42. b3 $2 (42. Kd8 $18 {is more deadly. Hoping for b3.} Bxb2 43. Ke7) 42... Kb4 $16 43. Kd7 Kxb3 44. Ke6 Kc4 45. g4 Bc3 46. Bb6 Kd3 47. Bd8 Ke4 48. Bxf6 Be1 (48... Bd2 $11) 49. Kf7 $1 Bxf2 {[%emt 0:02:12] [#]} 50. Kg7 $1 h5 51. Kxg6 hxg4 52. hxg4 Be3 {[%emt 0:00:28] [#]} 53. Bg5 $1 Bc5 54. Bc1 Be7 55. Bd2 Bd8 56. Bc3 (56. Kh5 $16) 56... Kf4 $14 57. Kh5 Be7 ({Better is} 57... Kg3 $1 $14) 58. Be1 $16 Ke5 59. Bh4 Bc5 60. g5 Ke6 61. g6 {[%emt 0:00:04] White wants to mate with Kh6.} Bd4 $2 (61... Bf8 $16) 62. Kh6 $18 Bc5 63. g7 Kd5 {[%emt 0:01:01] Weighted Error Value: White=0.15 (very precise) /Black=0.39  Loses game:     	---       	Black=1      Missed win:     	White=1     	---        Mistake:       	White=1     	Black=6      Inaccurate:     	White=2     	Black=1      OK:         	White=20    	Black=22     Best:        	White=3     	Black=6      Strong:       	White=5     	---} 1-0

[Event "EICC 2025"]
[Site "Eforie-Nord"]
[Date "2025.03.15"]
[Round "1.8"]
[White "Berend, Elvira"]
[Black "Yilmaz, Mustafa"]
[Result "0-1"]
[Annotator "ChessBase"]
[ECO "A31"]
[WhiteElo "2236"]
[BlackElo "2576"]
[PlyCount "62"]
[EventDate "2025.03.14"]
[EventType "swiss"]
[EventCountry "ROU"]
[SourceTitle "playchess.com"]
[Source "ChessBase"]
[SourceQuality "1"]
[TimeControl "40/5400+30:1800+30"]

1. e4 c5 2. Nf3 d6 3. d4 cxd4 4. Nxd4 Nf6 5. Bd3 Nc6 6. Nxc6 bxc6 7. c4 g6 8. O-O Bg7 9. Nc3 O-O 10. Qc2 Nd7 11. b3 Nc5 12. Bb2 a5 13. Be2 Qb6 14. Rab1 Qa7 15. Rbd1 Bd7 16. Kh1 Rfb8 17. f4 Be8 18. Ba1 Rb4 19. Na4 Nxa4 20. Bxg7 Kxg7 21. a3 Rb7 22. bxa4 Rab8 23. c5 Rb2 24. Qc3+ f6 25. Bb5 Ra2 26. cxd6 cxb5 27. e5 Qb7 28. exf6+ exf6 29. Qc7+ Kf8 30. Rf3 Qxc7 31. dxc7 Rc8 0-1

[Event "EICC 2025"]
[Site "Eforie-Nord"]
[Date "2025.03.15"]
[Round "1.9"]
[White "Sonis, Francesco"]
[Black "Djokic, Mihailo"]
[Result "1-0"]
[Annotator "ChessBase"]
[ECO "D78"]
[WhiteElo "2570"]
[BlackElo "2233"]
[PlyCount "75"]
[EventDate "2025.03.14"]
[EventType "swiss"]
[EventCountry "ROU"]
[SourceTitle "playchess.com"]
[Source "ChessBase"]
[SourceQuality "1"]
[TimeControl "40/5400+30:1800+30"]

1. Nf3 Nf6 2. c4 g6 3. g3 Bg7 4. Bg2 O-O 5. O-O d5 6. d4 c6 7. b3 Bf5 8. Bb2 Nbd7 9. Nh4 Be6 10. Nd2 g5 11. Nhf3 h6 12. Qc2 Rc8 13. e4 b5 14. exd5 cxd5 15. c5 Bg4 16. b4 e6 17. a4 Bf5 18. Qb3 a6 19. axb5 axb5 20. Rfe1 Ne4 21. Bf1 Rb8 22. Nxe4 Bxe4 23. Nd2 Bf5 24. Ra5 Qc7 25. Bxb5 Nf6 26. Qa4 Ne4 27. Nxe4 Bxe4 28. Bf1 Qe7 29. b5 g4 30. Ra7 Qg5 31. b6 h5 32. Bc1 Qf6 33. Bf4 e5 34. dxe5 Qe6 35. Qd7 Rfc8 36. Qxe6 fxe6 37. b7 Rc7 38. c6 1-0